 Dungeon Crawl Stone Soup version 0.30-a0-989-g0d87f670db (webtiles) character file.

Game seed: 5765915717064725578

2136 voltaire321 the Digger (level 9, 0/52 HPs)
             Began as a Gargoyle Earth Elementalist on Apr 2, 2023.
             Was a Believer of Wu Jian.
             Slain by a water moccasin zombie (3 damage)
             ... in an ossuary.
             The game lasted 00:15:55 (5038 turns).

voltaire321 the Digger (GrEE)                       Turns: 5038, Time: 00:15:55

Health: 0/52       AC: 17    Str: 16    XL:     9   Next: 30%
Magic:  1/16       EV: 11    Int: 16    God:    Wu Jian [**....]
Gold:   406        SH:  0    Dex: 10    Spells: 11/17 levels left

rFire   + . .      SeeInvis .    t - +2 whip (elec)
rCold   + . .      Faith    .    (no shield)
rNeg    + . .      Spirit   .    f - +0 ring mail
rPois   ∞          Reflect  .    h - +0 helmet
rElec   +          Rampage  .    q - +0 cloak
rCorr   +                        n - +0 pair of gloves
Will    .....                    C - +0 pair of boots {Fly}
Stlth   +                        y - amulet of the acrobat
HPRegen 0.28/turn                p - ring of resist corrosion
MPRegen 0.15/turn                (no ring)

@: resistant, flying, very slightly contaminated, hasted, very quick
A: sickness immunity, AC +6, negative energy resistance 1, electricity
resistance, torment resistance 1, petrification resistance
a: Renounce Religion, Wall Jump


You were in an ossuary.
You worshipped Wu Jian.
Wu Jian was pleased with you.
You visited 2 branches of the dungeon, and saw 7 of its levels.
You also visited: Ossuary.

You collected 406 gold pieces.

Inventory:

Hand Weapons
 k - the +1 dagger of Contradiction {flame, rCorr MP+9}
   (You found it on level 2 of the Dungeon)

   MP:        It affects your magic capacity (+9).
   rCorr:     It protects you from acid and corrosion.
 t - a +2 whip of electrocution (weapon)
 D - a +3 whip
Armour
 f - a +0 ring mail (worn)
 h - a +0 helmet (worn)
 n - a +0 pair of gloves (worn)
 q - a +0 cloak (worn)
 C - a +0 pair of boots of flying (worn)
Jewellery
 o - a ring of fire
 p - a ring of resist corrosion (left hand)
 y - an amulet of the acrobat (around neck)
Wands
 E - a wand of polymorph (11)
Scrolls
 a - 4 scrolls of noise {unknown}
 c - 5 scrolls of identify {unknown}
 d - 2 scrolls of amnesia {unknown}
 e - 2 scrolls of enchant armour {unknown}
 g - a scroll of poison {unknown}
 i - 3 scrolls of teleportation {unknown}
 m - 2 scrolls of magic mapping {unknown}
 A - 3 scrolls of immolation {unknown}
 F - a scroll of fog {unknown}
Potions
 j - 2 potions of curing {unknown}
 l - 2 potions of resistance
 r - 2 potions of flight
 s - 2 potions of haste
 u - a potion of attraction {unknown}
 v - a potion of might {unknown}
 w - a potion of lignification {unknown}
 x - a potion of heal wounds {unknown}
 z - a potion of mutation {unknown}
 B - a potion of invisibility {unknown}


   Skills:
 + Level 4.7 Fighting
 + Level 4.7 Armour
 + Level 4.0 Dodging
 - Level 2.1 Stealth
 + Level 4.6 Spellcasting
 + Level 4.5 Conjurations
 + Level 3.7 Transmutations
 + Level 6.4 Earth Magic


You had 11 spell levels left.
You knew the following spells:

 Your Spells              Type           Power      Damage    Failure   Level
a - Sandblast             Erth           48%        2d12      1%          1
b - Passwall              Tmut/Erth      16%        N/A       5%          2
c - Stone Arrow           Conj/Erth      42%        3d9       9%          3

Your spell library contained the following spells:

 Spells                   Type           Power      Damage    Failure   Level
 Petrify                  Tmut/Erth      20%        N/A       34%         4
 Poisonous Vapours        Pois/Air       6%         N/A       41%         2
 Mephitic Cloud           Conj/Pois/Air  8%         N/A       43%         3
 Ignite Poison            Fire/Tmut/Pois 7%         N/A       45%         3
 Lee's Rapid Deconstruct  Erth           12%        3d8*      50%         5
 Kindle Blastsparks       Fire/Tloc/Air  6%         2d10      65%         3
 Fulminant Prism          Conj/Hex       5%         3d7       73%         4
 Iskenderun's Mystic Bla  Conj/Tloc      10%        2d4       73%         4
 Freezing Cloud           Conj/Ice/Air   4%         6-21      99%         5
 Cigotuvi's Dreadful Rot  Necr/Pois/Air  Unusable   N/A       N/A         2

Dungeon Overview and Level Annotations

Branches:
Dungeon (6/15)             Temple (1/1) D:4         Ossuary (1/1)

Altars:
Ashenzari
Cheibriados
Dithmenos
Elyvilon
Fedhas
Gozag
Hepliaklqana
Kikubaaqudgha
Nemelex Xobeh
Okawaru
Ru
Sif Muna
Trog
Uskayaw
Wu Jian
Xom

Annotations:
D:6 Axe's ghost, novice VSBr


Innate Abilities, Weirdness & Mutations

You are immune to sickness and miasma.
Your stone body is resilient. (AC +6)
You are immune to poison.
You resist negative energy. (rN+)
You are resistant to electric shocks. (rElec)
You are resistant to unholy torment.
You are immune to petrification.


Message History

The wyvern zombie bites you but does no damage.
The water moccasin zombie closely misses you.
Casting: Stone Arrow (dangerous; 9% risk of failure)
Confirm with . or Enter, or press ? or * to list all spells.
Aiming: Stone Arrow (dangerous; 9% risk of failure)
Press: ? - help, Shift-Dir - straight line, f/p - wyvern zombie
Aim: a wyvern zombie (almost destroyed, 90% to hit)
The stone arrow hits the wyvern zombie!
You destroy the wyvern zombie!
The Council accepts your kill.
A water moccasin zombie comes into view.
The water moccasin zombie closely misses you.
Casting: Stone Arrow (dangerous; 9% risk of failure)
Confirm with . or Enter, or press ? or * to list all spells.
Aiming: Stone Arrow (dangerous; 9% risk of failure)
Press: ? - help, Shift-Dir - straight line, f - water moccasin zombie
Aim: a water moccasin zombie (71% to hit)
The stone arrow hits the water moccasin zombie!
The water moccasin zombie is moderately damaged.
The wyvern zombie closely misses you.
Casting: Stone Arrow (dangerous; 9% risk of failure)
Confirm with . or Enter, or press ? or * to list all spells.
Aiming: Stone Arrow (dangerous; 9% risk of failure)
Press: ? - help, Shift-Dir - straight line, f - wyvern zombie, p - water moccasin zombie
Aim: a wyvern zombie (lightly damaged, 90% to hit)
You miscast Stone Arrow.
You are very lightly contaminated with residual magic.
You are blasted with sand.
The water moccasin zombie bites you but does no damage.
The wyvern zombie bites you.
* * * LOW HITPOINT WARNING * * *
Casting: Stone Arrow (dangerous; 9% risk of failure)
Confirm with . or Enter, or press ? or * to list all spells.
Aiming: Stone Arrow (dangerous; 9% risk of failure)
Press: ? - help, Shift-Dir - straight line, f/p - wyvern zombie
Aim: a wyvern zombie (lightly damaged, 90% to hit)
The stone arrow hits the wyvern zombie!
The wyvern zombie is heavily damaged.
The water moccasin zombie bites you.
You die...

##### #.#.# #
#+#'#'#'#+#+#+
+......Z......
#.##'##+##'##.
#..Z# #.ZZ#
#..@# #####


You could see 2 water moccasin zombies and a wyvern zombie.

Vanquished Creatures
  Grinder (D:5)
  Sigmund (D:2)
  Menkaure (D:5)
  A hornet zombie (Ossuary)
  An ice beast (D:6)
  An ogre (D:5)
  A phantom (D:5)
  A kobold brigand (D:6)
  The ghost of bigduke15 the Digger, an amateur GrEE (D:3)
  2 bullfrogs (D:6)
  2 scorpions (D:6)
  A wyvern zombie (Ossuary)
  A howler monkey (D:6)
  3 bullfrog zombies (Ossuary)
  A centaur zombie (Ossuary)
  2 hounds
  4 orc priests
  A sleepcap (D:5)
  2 iguanas (D:5)
  4 orc wizards
  A killer bee zombie (Ossuary)
  7 mummies
  4 gnolls
  6 adders
  An ufetubus (D:4)
  8 worms
  4 dart slugs
  14 orcs
  5 bats
  4 endoplasms
  4 giant cockroaches
  8 hobgoblins
  6 jackals
  2 quokkas
  4 ball pythons
  3 frilled lizards
  11 goblins
  9 kobolds
  2 rats
135 creatures vanquished.

Vanquished Creatures (others)
  6 withered plants (Ossuary)
6 creatures vanquished.

Grand Total: 141 creatures vanquished

Notes
Turn   | Place    | Note
-------+----------+-------------------------------------------
     0 | D:1      | voltaire321 the Gargoyle Earth Elementalist began the quest
                  | for the Orb.
     0 | D:1      | Reached XP level 1. HP: 10/10 MP: 3/3
    95 | D:1      | Reached XP level 2. HP: 16/16 MP: 0/5
   258 | D:1      | Reached skill level 1 in Transmutations
   486 | D:1      | Learned a level 2 spell: Passwall
   491 | D:1      | Reached skill level 1 in Fighting
   630 | D:1      | Reached XP level 3. HP: 17/20 MP: 1/6
   833 | D:1      | Reached skill level 1 in Armour
   896 | D:2      | Identified the +1 dagger of Contradiction {flame, rCorr
                  | MP+9}
  1096 | D:2      | Noticed Sigmund
  1106 | D:2      | Killed Sigmund
  1107 | D:2      | Reached skill level 1 in Conjurations
  1107 | D:2      | Reached skill level 4 in Earth Magic
  1107 | D:2      | Reached XP level 4. HP: 26/26 MP: 8/8
  1107 | D:2      | Reached XP level 5. HP: 30/30 MP: 8/9
  1290 | D:2      | Reached XP level 6. HP: 34/35 MP: 10/10
  1350 | D:2      | Learned a level 3 spell: Stone Arrow
  1724 | D:3      | Found a runed translucent gate.
  1724 | D:3      | Found a runed translucent gate.
  1725 | D:3      | Found a runed translucent gate.
  1767 | D:3      | Noticed bigduke15's ghost (amateur GrEE)
  1824 | D:3      | Killed bigduke15's ghost
  2483 | D:4      | Reached XP level 7. HP: 25/40 MP: 0/11
  2605 | D:4      | Found a staircase to the Ecumenical Temple.
  3296 | Temple   | Entered the Ecumenical Temple
  3348 | Temple   | Became a worshipper of the Wu Jian Council
  3385 | D:5      | Entered Level 5 of the Dungeon
  3534 | D:5      | Reached skill level 5 in Earth Magic
  3772 | D:5      | Noticed Menkaure
  3776 | D:5      | Killed Menkaure
  3777 | D:5      | Reached XP level 8. HP: 39/46 MP: 4/13
  3851 | D:5      | Reached * piety under Wu Jian
  4008 | D:5      | Noticed Grinder
  4032 | D:5      | Killed Grinder
  4732 | D:6      | Reached skill level 6 in Earth Magic
  4829 | D:6      | Noticed a queen bee
  4829 | D:6      | Noticed a hornet
  4834 | D:6      | Noticed Axe's ghost (novice VSBr)
  4861 | D:6      | Reached XP level 9. HP: 42/52 MP: 12/15
  4916 | D:6      | Found a sand-covered staircase.
  4925 | Ossuary  | Entered an ossuary
  5011 | Ossuary  | Reached ** piety under Wu Jian
  5038 | Ossuary  | Slain by a water moccasin zombie

Illustrated notes

Levels and vault maps discovered:
D:1:      dpeg_arrival_solitude, layout_loops_ring
D:2:      layout_rooms, minmay_close_crescents, uniq_sigmund
D:3:      layout_basic, gammafunk_ghost_split
D:4:      layout_basic, minmay_temple_entry_gardened_gates
D:5:      layout_basic, uniq_grinder, uniq_menkaure
D:6:      layout_loops_ring, marbit_many_paths, zin_angel, gammafunk_ghost_hive,
          nicolae_ossuary_entry_giza
Temple:   compressed_dpeg_triangle_lava_temple
Ossuary:  ossuary_zaba_flooded

Skill      XL: |  1  2  3  4  5  6  7  8  9 |
---------------+----------------------------+-----
Transmutations | 1 2 3 |  3.7
Fighting       | 1 2 3 4 |  4.7
Armour         | 2 3 4 |  4.7
Dodging        | 2 3 4 |  4.0
Conjurations   | 1 2 3 4 |  4.5
Earth Magic    | 4 5 6 |  6.4
Spellcasting   | 3 4 |  4.6
Stealth        | |  2.1

Action                     |  1- 3 |  4- 6 |  7- 9 || total
---------------------------+-------+-------+-------++-------
  Melee: Dagger            |    27 |    15 |       ||    42
         Punch             |     1 |     2 |     2 ||     5
         Mace              |    20 |       |       ||    20
         Whip              |       |    18 |   188 ||   206
   Cast: Sandblast         |    34 |    59 |    71 ||   164
         Stone Arrow       |       |       |    19 ||    19
Ability: Whirlwind         |       |       |     2 ||     2
         Lunge             |       |       |     1 ||     1
    Use: Potion            |       |       |     4 ||     4
   Stab: Sleeping          |       |       |     1 ||     1
 Armour: Robe              |    10 |       |       ||    10
         Ring mail         |    25 |    40 |   111 ||   176
  Dodge: Dodged            |    51 |    27 |   131 ||   209

Table legend: (Time is in decaauts)
 A = Elapsed time spent in this place.
 B = Non-inter-level travel time spent in this place.
 C = Inter-level travel time spent in this place.
 D = Time resting spent in this place.
 E = Time spent auto-exploring this place.
 F = Levels seen in this place.
 G = Mean time per level.
                   A        B        C        D        E       F      G
               +--------+--------+--------+--------+--------+-----+--------+
         Total |   5139 |   5013 |    126 |    820 |   2843 |   8 |  642.4 |
       Dungeon |   4952 |   4826 |    126 |    812 |   2843 |   6 |  825.3 |
        Temple |     66 |     66 |      0 |      0 |      0 |   1 |   66.0 |
       Ossuary |    120 |    120 |      0 |      8 |      0 |   1 |  120.0 |
               +--------+--------+--------+--------+--------+-----+--------+

Top non-repeatable levels by time:
     D:5: 1170 daAuts
     D:4: 1074 daAuts
     D:1: 909 daAuts
     D:3: 823 daAuts
     D:2: 570 daAuts
     D:6: 404 daAuts
 Ossuary: 120 daAuts
  Temple: 66 daAuts
